 Dungeon Crawl Stone Soup version 0.29.1-1-gd02db6906a (webtiles) character file.

Game seed: 3466821591568437813

126 Frenzy the Chopper (level 5, 0/47 HPs)
             Began as a Hill Orc Fighter on Sept 19, 2022.
             Was an Initiate of Trog.
             Slain by a kobold brigand
             ... wielding a +2 dagger of venom
              (4 damage)
             ... on level 3 of the Dungeon.
             The game lasted 00:07:23 (1702 turns).

Frenzy the Chopper (Hill Orc Fighter)               Turns: 1702, Time: 00:07:23

Health: 0/47       AC: 10    Str: 21    XL:     5   Next: 10%
Magic:  5/5        EV: 13    Int:  8    God:    Trog [......]
Gold:   202        SH:  5    Dex: 13    Spells: 4/4 levels left

rFire   . . .      SeeInvis .   a - +0 war axe
rCold   . . .      Faith    .   c - +0 buckler
rNeg    . . .      Spirit   .   b - +0 scale mail
rPois   .          Reflect  .   (no helmet)
rElec   .          Harm     .   j - +0 cloak
rCorr   .          Rampage  .   k - +0 pair of fencer's gloves {Riposte Dex+3}
Will    .....                   g - +0 pair of boots
Stlth   ..........              (no amulet)
HPRegen 0.15/turn               e - +4 ring of evasion
MPRegen 0.09/turn               (no ring)

@: lethally poisoned (0 -> -3)
A: no striking features
a: Renounce Religion


You were on level 3 of the Dungeon.
You worshipped Trog.
Trog was noncommittal.
You visited 1 branch of the dungeon, and saw 3 of its levels.

You collected 202 gold pieces.

Inventory:

Hand Weapons
 a - a +0 war axe (weapon)
Armour
 b - a +0 scale mail (worn)
 c - a +0 buckler (worn)
 g - a +0 pair of boots (worn)
 j - a +0 cloak (worn)
 k - the +0 pair of fencer's gloves (worn) {Riposte Dex+3}
   (You found it on level 2 of the Dungeon)

   It allows the wearer to riposte with melee weapons, swiftly retaliating
   against missed or blocked melee attacks.
   Dex:       It affects your dexterity (+3).
 p - a +0 chain mail
Jewellery
 e - a +4 ring of evasion (left hand)
Wands
 l - a wand of iceblast (7)
Scrolls
 f - a scroll of teleportation
 i - 3 scrolls of identify
 o - a scroll of silence {unknown}
Potions
 d - a potion of might
 h - 2 potions of degeneration
 m - a potion of heal wounds {unknown}
 n - a potion of lignification {unknown}


   Skills:
 + Level 4.3 Fighting
 + Level 5.0 Axes
 + Level 3.8 Armour
 + Level 0.7 Dodging
 + Level 3.7 Shields


You had 4 spell levels left.
You didn't know any spells.
Your spell library was empty.

Dungeon Overview and Level Annotations

Branches:
Dungeon (3/15)

Altars:
Trog


Message History

The poisoned dart hits you!
You are poisoned.
The kobold brigand moves out of view.
A kobold comes into view. It is wielding a +0 sling.
Found a robe.
You feel sick.
The kobold shouts!
Found 35 gold pieces.
You feel sick.
You feel sick.
The kobold brigand hits you but does no damage.
You are more poisoned.
The kobold brigand hits you but does no damage.
You hit the kobold brigand.
The kobold brigand is lightly wounded.
You closely miss the kobold brigand.
You feel very sick.
The kobold shoots a sling bullet.
You block the sling bullet. You block the kobold brigand's attack.
You feel sick. You block the kobold brigand's attack.
The kobold unwields a +0 sling.
The kobold wields a +0 club.
The kobold hits you with a +0 club.
The kobold brigand hits you but does no damage.
You closely miss the kobold brigand.
The kobold brigand is lightly wounded.
You hit the kobold.
You kill the kobold!
Trog accepts your kill.
You barely miss the kobold brigand.
You feel sick.
The kobold brigand hits you but does no damage.
The kobold brigand hits you with a +2 dagger of venom!
* * * LOW HITPOINT WARNING * * *
You slash the kobold brigand!
The kobold brigand is moderately wounded.
You barely miss the kobold brigand.
* * * LOW HITPOINT WARNING * * *
You feel sick. The kobold brigand misses you.
You riposte.
You hit the kobold brigand but do no damage.
The kobold brigand is moderately wounded.
You barely miss the kobold brigand. You block the kobold brigand's attack.
The kobold brigand hits you with a +2 dagger of venom.
You die...

*##....#.##### **,*****,,,,,,,,
*#...#........###*,,,,,,,,,,^,,,,
#..#*#...>....(..,,,,*****,******
..** #(.......#*****,** #,.#*
######........###***,,* #...###
##....)..........,***,**##.#~~~##
...###........#######,**~~~~~~~~~
.### #........###K..######~~~≈~~~
.# #|...#####)@........###~≈≈##
.### ####.#$....K###.......#####)
...#* #.#$[..###≈######...).)))
....#* #.######~≈≈≈~~~~###.....#
###..* #.#*##~~~≈≈~~~*** #######
..##.# #.##>...~~~~~#* #..#.#
#.#..###.##### )#...## #.#.#* #.#
###########
#..#..###...####.#####♣P♣P♣P8P♣P♣


You could see 2 kobold brigands.

Vanquished Creatures
  A hound (D:3)
  Terence (D:2)
  An adder (D:3)
  2 worms (D:3)
  A dart slug (D:1)
  4 orcs (D:3)
  3 endoplasms
  3 giant cockroaches
  2 goblins (D:1)
  6 hobgoblins
  10 kobolds
  2 quokkas
  3 ball pythons
  2 bats
  4 frilled lizards
  10 rats
55 creatures vanquished.

Notes
Turn   | Place    | Note
-------+----------+-------------------------------------------
     0 | D:1      | Frenzy the Hill Orc Fighter began the quest for the Orb.
     0 | D:1      | Reached XP level 1. HP: 19/19 MP: 1/1
   209 | D:1      | Reached XP level 2. HP: 25/27 MP: 2/2
   258 | D:1      | Reached skill level 3 in Axes
   523 | D:1      | Reached XP level 3. HP: 31/33 MP: 3/3
   573 | D:1      | You fall into a shaft and drop 1 floor!
   590 | D:2      | Noticed Terence
   597 | D:2      | Killed Terence
   766 | D:2      | Found the +0 pair of fencer's gloves {Riposte Dex+3}
   769 | D:2      | Reached skill level 4 in Axes
   791 | D:2      | Found a faded altar of an unknown god.
  1260 | D:3      | Reached XP level 4. HP: 40/40 MP: 4/4
  1596 | D:3      | Noticed a moth of wrath
  1599 | D:3      | Found a bloodstained altar of Trog.
  1611 | D:3      | Reached XP level 5. HP: 26/46 MP: 5/5
  1617 | D:3      | Became a worshipper of Trog the Wrathful
  1686 | D:3      | Reached skill level 5 in Axes
  1694 | D:3      | Noticed a kobold brigand
  1695 | D:3      | Noticed a kobold brigand
  1702 | D:3      | Slain by a kobold brigand

Illustrated notes

Levels and vault maps discovered:
D:1:      minmay_arrival_cross, layout_basic
D:2:      minmay_angry_zag, layout_loops_ring,
          dreamdust_ecumenical_altar_angels_and_demons,
          kennysheep_generic_room_14, uniq_terence
D:3:      cheibrodos_thug_alley, layout_rooms, tgw_trog, serial_aquarium,
          aquarium_bridge_long_joined [aquarium_subvault_bridge,
          aquarium_subvault_wall, aquarium_subvault_wall,
          aquarium_subvault_bridge, aquarium_subvault_window,
          aquarium_subvault_window], aquarium_window_fake, aquarium_window_2,
          aquarium_view_2f, aquarium_balcony_1a, dreamdust_princess_corridor,
          minmay_box_of_dots

Skill      XL: |  1  2  3  4  5 |
---------------+----------------+-----
Axes           | 3 4 5 |  5.0
Fighting       | 4 |  4.3
Armour         | |  3.8
Dodging        | |  0.7
Shields        | |  3.7

Action                   |  1- 3 |  4- 6 || total
-------------------------+-------+-------++-------
Melee: War axe           |    83 |    51 ||   134
  Use: Scroll            |       |     3 ||     3
Armor: Scale mail        |    27 |    16 ||    43
Dodge: Dodged            |    55 |    39 ||    94
Block: Buckler           |    21 |    15 ||    36
       Rpst.: War axe    |     8 |    14 ||    22
